 Dungeon Crawl Stone Soup version 0.30.0-29-ga12c61a403 (webtiles) character file.

Game seed: 12178539009642865822

4313 cdecastro the Fighter (level 10, -1/100 HPs)
             Began as a Hill Orc Fighter on June 19, 2023.
             Was a Priest of Beogh.
             Slain by a yak (8 damage)
             ... on level 8 of the Dungeon.
             The game lasted 00:16:18 (8316 turns).

cdecastro the Fighter (Hill Orc Fighter)            Turns: 8316, Time: 00:16:19

Health: -1/100     AC: 12    Str: 24    XL:     10   Next: 33%
Magic:  18/18      EV:  8    Int:  8    God:    Beogh [***...]
Gold:   182        SH:  4    Dex: 10    Spells: 9/9 levels left

rFire   + . .        F - +2 war axe (drain)
rCold   + . .        c - +0 buckler
rNeg    . . .        p - +0 chain mail
rPois   .            v - +0 helmet
rElec   .            (no cloak)
rCorr   .            e - +0 pair of gloves
SInv    .            (no boots)
Will    .....        (no amulet) Stlth
                     k - ring of protection from fire
HPRegen 0.36/turn    l - ring of protection from cold
MPRegen 0.16/turn

%: no passive effects
@: no status effects
A: no striking features
a: Renounce Religion, Smiting


You were on level 8 of the Dungeon.
You worshipped Beogh.
Beogh was most pleased with you.
You visited 2 branches of the dungeon, and saw 9 of its levels.

You collected 466 gold pieces.
You spent 284 gold pieces at shops.

Inventory:

Hand Weapons
 F - a +2 war axe of draining (weapon)
 G - a +0 flail of draining
Armour
 c - a +0 buckler (worn)
 e - a +0 pair of gloves (worn)
 p - a +0 chain mail (worn)
 v - a +0 helmet (worn)
Magical Staves
 b - a staff of cold
Jewellery
 k - a ring of protection from fire (left hand)
 l - a ring of protection from cold (right hand)
 u - a ring of fire
Wands
 a - a wand of digging (4)
 C - a wand of light (31)
Scrolls
 i - 3 scrolls of teleportation {unknown}
 m - 3 scrolls of amnesia {unknown}
 o - 6 scrolls of identify
 r - 2 scrolls of vulnerability {unknown}
 s - a scroll of immolation {unknown}
 w - a scroll of poison {unknown}
 x - a scroll of magic mapping {unknown}
 z - a scroll of enchant weapon {unknown}
 A - a scroll of fear {unknown}
 D - 5 scrolls of enchant armour {unknown}
 E - a scroll of fog {unknown}
 H - 2 scrolls of blinking
 I - a scroll of brand weapon
 J - a scroll of silence {unknown}
 K - 2 scrolls of noise {unknown}
Potions
 d - 3 potions of might
 f - 2 potions of degeneration {unknown}
 g - 2 potions of flight
 h - 3 potions of brilliance {unknown}
 j - 2 potions of attraction {unknown}
 n - 3 potions of curing
 q - 2 potions of heal wounds {unknown}
 t - a potion of magic {unknown}


   Skills:
 + Level 12.8 Fighting
 - Level 7.2 Axes
 + Level 4.7 Armour
 - Level 3.2 Shields
 - Level 11.0 Invocations


You had 9 spell levels left.
You didn't know any spells.
Your spell library contained the following spells:

 Spells                   Type           Power      Damage    Failure   Level
 Ignite Poison            Fire/Tmut/Pois 0%         N/A       100%        3
 Sticky Flame             Conj/Fire      0%         2d3       100%        4
 Ignition                 Fire           0%         3d3       100%        8


Dungeon Overview and Level Annotations

Branches:
Dungeon (8/15)             Temple (1/1) D:4            Lair (0/5) D:8

Altars:
Ashenzari
Cheibriados
Dithmenos
Elyvilon
Fedhas
Gozag
Hepliaklqana
Kikubaaqudgha
Makhleb
Okawaru
Sif Muna
Trog
Uskayaw
Vehumet
Wu Jian
Xom
Yredelemnul
Zin
The Shining One

Shops:
D:6 ?


Message History

Unknown command.
Unknown command.
Unknown command.
Unknown command.
You feel less confused. The yak gores you.
* * * LOW HITPOINT WARNING * * *
Your orc hits the yak with a +0 club.
Your orc closely misses the yak.
The yak barely misses you. x2
Your orc hits the yak but does no damage.
Unknown command.
Unknown command.
Unknown command.
The yak gores you.
* * * LOW HITPOINT WARNING * * *
Your orc hits the yak with a +0 club.
Your orc completely misses the yak.
The yak gores you but does no damage.
Your orc hits the yak with a +0 club. The yak gores you.
* * * LOW HITPOINT WARNING * * *
Unknown command.
Unknown command.
Unknown command.
The yak barely misses you.
Your orc hits the yak with a +0 club.
Your orc barely misses the yak.
The yak gores you!
* * * LOW HITPOINT WARNING * * *
The yak barely misses you.
Your orc barely misses the yak.
Unknown command.
The yak attacks as you move away! The yak gores you!
* * * LOW HITPOINT WARNING * * *
The yak attacks as you move away! The yak gores you.
* * * LOW HITPOINT WARNING * * *
The yak gores you.
* * * LOW HITPOINT WARNING * * *
Your orc closely misses the yak.
Your orc hits the yak with a +0 mace.
Your orc closely misses the yak.
The yak gores your orc!
Unknown command.
The yak attacks as you move away! The yak gores you!
* * * LOW HITPOINT WARNING * * *
The yak attacks as you move away! The yak gores you!
You die...

..............##.
.####.......#.#
#.........#.#
#.........#.#
#.........#.##.#
##......#.......#
.............##.#
##......####.#
........)..)@##.#
#######..#)oYYo.#
#....oY...#
#.............
#....####.####
###### .# . ##


You could see 3 yaks and 3 friendly orcs.

Vanquished Creatures
  A wyvern (D:7)
  6 yaks (D:6)
  A basilisk (D:7)
  A steam dragon (D:7)
  A black bear (D:7)
  3 water moccasins
  An ice beast (D:7)
  A centaur (D:5)
  2 ogres
  A phantom (D:5)
  3 bullfrogs
  6 scorpions
  3 wights (D:7)
  A jelly (D:6)
  2 orc priests
  3 hounds
  2 gnoll boudas
  6 iguanas
  7 orc wizards
  Robin (D:2)
  13 gnolls
  10 adders
  A shadow imp (D:6)
  A white imp (D:7)
  6 worms
  7 dart slugs
  19 orcs
  15 bats
  A bat skeleton (D:7)
  2 bat zombies (D:7)
  11 endoplasms
  6 giant cockroaches
  18 goblins
  9 hobgoblins
  7 jackals
  4 kobolds (D:1)
  8 quokkas
  14 ball pythons
  8 frilled lizards
  12 rats
224 creatures vanquished.

Vanquished Creatures (collateral kills)
  A basilisk (D:7)
  A water moccasin (D:7)
  2 black bears (D:7)
  2 wolves (D:7)
  A centaur (D:7)
  A bullfrog (D:7)
  2 vampire bats (D:7)
  A gnoll bouda (D:7)
  A sleepcap (D:7)
  An orc wizard (D:8)
  2 gnolls (D:7)
  An orc (D:7)
  A bat skeleton (D:7)
  A bat zombie (D:7)
18 creatures vanquished.

Grand Total: 242 creatures vanquished

Notes
Turn   | Place    | Note
-------+----------+-------------------------------------------
     0 | D:1      | cdecastro the Hill Orc Fighter began the quest for the Orb.
     0 | D:1      | Reached XP level 1. HP: 19/19 MP: 1/1
    60 | D:1      | Reached XP level 2. HP: 16/27 MP: 2/2
    61 | D:1      | Reached skill level 4 in Fighting
    66 | D:1      | Found a large runed translucent door.
    66 | D:1      | Found a large runed translucent door.
   297 | D:1      | Reached XP level 3. HP: 31/34 MP: 3/3
   878 | D:1      | Reached XP level 4. HP: 27/41 MP: 4/4
  1106 | D:2      | Reached skill level 5 in Fighting
  1357 | D:2      | Reached skill level 5 in Axes
  1489 | D:2      | Reached XP level 5. HP: 48/48 MP: 5/5
  1697 | D:2      | Found a glowing silver altar of Zin.
  1697 | D:2      | Noticed Robin
  1701 | D:2      | Killed Robin
  2327 | D:2      | Reached skill level 6 in Fighting
  2340 | D:3      | Became a worshipper of Beogh the Brigand
  2682 | D:3      | Reached XP level 6. HP: 56/57 MP: 6/6
  3051 | D:3      | Found a blossoming altar of Fedhas.
  3443 | D:4      | Found a broken altar of Ashenzari.
  3763 | D:4      | Reached * piety under Beogh
  3788 | D:4      | Found a staircase to the Ecumenical Temple.
  3980 | D:4      | Noticed a water moccasin
  3988 | D:4      | Killed a water moccasin
  3989 | D:4      | Reached skill level 7 in Fighting
  3989 | D:4      | Reached XP level 7. HP: 51/66 MP: 7/7
  4096 | D:4      | Reached skill level 1 in Invocations
  4199 | D:4      | Reached skill level 8 in Fighting
  4206 | D:4      | Found the +11 Singing Sword {sonic wave}
  4504 | Temple   | Entered the Ecumenical Temple
  4862 | D:5      | Entered Level 5 of the Dungeon
  4871 | D:5      | Reached XP level 8. HP: 68/74 MP: 11/11
  5045 | D:5      | Found a glowing golden altar of the Shining One.
  5306 | D:5      | Reached skill level 5 in Invocations
  5325 | D:5      | Identified the +1 shortbow of Dung {elec, rN+ Dex+3}
  5714 | D:6      | Noticed a yak
  5717 | D:6      | Noticed a yak
  5718 | D:6      | Noticed a yak
  5718 | D:6      | Noticed a yak
  5720 | D:6      | Noticed a yak
  5732 | D:5      | Reached ** piety under Beogh
  5733 | D:5      | Reached skill level 9 in Fighting
  6059 | D:6      | Killed a yak
  6109 | D:6      | Noticed a yak
  6130 | D:6      | Killed a yak
  6131 | D:6      | Reached skill level 10 in Fighting
  6131 | D:6      | Reached XP level 9. HP: 70/85 MP: 14/14
  6198 | D:6      | Reached skill level 11 in Fighting
  6467 | D:6      | Found Efeykkay's Magic Scroll Boutique.
  6486 | D:6      | Bought a scroll of identify for 30 gold pieces
  6486 | D:6      | Bought a scroll of blinking for 112 gold pieces
  6486 | D:6      | Bought a scroll of brand weapon for 142 gold pieces
  6827 | D:7      | Reached *** piety under Beogh
  6828 | D:7      | Reached skill level 10 in Invocations
  7220 | D:7      | Found an ancient bone altar of Kikubaaqudgha.
  7429 | D:7      | Found a shimmering blue altar of Sif Muna.
  7578 | D:7      | Reached skill level 12 in Fighting
  7591 | D:7      | Reached XP level 10. HP: 63/97 MP: 16/18
  8081 | D:8      | Found a staircase to the Lair.
  8158 | D:7      | Gained Argrim as an ally
  8316 | D:8      | Slain by a yak

Illustrated notes

Levels and vault maps discovered:
D:1:      erik_arrival_cave_to_civilisation [erik_arrival_cave_to_temple],
          layout_basic
D:2:      layout_loops_corners, basic_altar, minmay_joined_circles, uniq_robin
D:3:      wander_river, layout_loops_cross, fedhas_altar_fruit_tree
D:4:      old_forge, layout_loops_ring, ashenzari_altar_1,
          minmay_temple_entry_enclosed_plants, minmay_crystal_water,
          minmay_misc_feat_four_crosses
D:5:      layout_basic, nicolae_tso_carved_into_rock,
          kennysheep_opposing_triangles
D:6:      layout_cave_pools, serial_shops, nicolae_lakefront_shop
D:7:      layout_rooms, kennysheep_orc_sif_temple, kennysheep_vampire_church
D:8:      layout_basic, minmay_lair_entry_grove
Temple:   dpeg_chambers_temple

Skill      XL: |  1  2  3  4  5  6  7  8  9 10 |
---------------+-------------------------------+-----
Axes           | 3 4 5 6 7 |  7.2
Fighting       | 4 5 6 7 8 10 12 | 12.8
Invocations    | 4 7 10 11 | 11.0
Armour         | 4 |  4.7
Shields        | |  3.2

Action                     |  1- 3 |  4- 6 |  7- 9 | 10-12 || total
---------------------------+-------+-------+-------+-------++-------
  Melee: War axe           |    81 |   275 |   247 |    26 ||   629
 Invoke: Convert to Beogh  |       |     1 |       |       ||     1
    Use: Potion            |       |     2 |       |       ||     2
   Stab: Distracted        |       |       |       |     1 ||     1
 Armour: Scale mail        |    46 |    16 |       |       ||    62
         Chain mail        |       |   123 |   152 |    67 ||   342
  Dodge: Dodged            |    54 |    86 |    84 |    36 ||   260
  Block: Buckler           |    28 |    50 |    62 |    24 ||   164
